AoeStats
← Bandolero

Fortress

508558206Analyzed
4v4 RM · 9d ago on Sep 23, 2026· 32m 33s· 8 players
Game mode
Random Map
Map size
Huge
Population
200
Speed
Normal
Resources
Standard
Victory
Conquest
Starting age
Dark Age
Ending age
Imperial Age
RankedLock teamsTeams togetherTeam positionsShared explorationLock speedFull tech treeHidden civsTurbo modeCheats
Victory
Defeat
🇲🇽 Dravidians · Mexico
1788
+9
🇧🇷 Franks · Brazil
1730
+11
🇧🇷 Saracens · Brazil
1723
+11
🇦🇷 Italians · Argentina
1699
+12
🇨🇦 Romans · Canada
1699
-14
🇨🇦 Aztecs · Canada
1663
-13
🇺🇸 Mongols · United States
1582
-9
🇨🇦 Hindustanis · Canada
1514
-7
VL Mibel
7:22 Feudal Age
11:04 Castle Age
9:06 Double-Bit Axe
9:07 Horse Collar
13:04 Bow Saw
12:58 Heavy Plow
16:09 Loom
18:05 Wheelbarrow
20:25 Hand Cart
24:14 Imperial Age
22:35 Fletching
22:52 Town Watch
23:19 Thumb Ring
24:02 Bodkin Arrow
24:37 Gold Mining
26:47 Chemistry
26:22 Bracer
27:11 Padded Archer Armor
28:34 Leather Archer Armor
29:13 Medical Corps
31:34 Ballistics
31:17 Elite Elephant Archer
32:53 Fortified Wall
32:55 Masonry
33:30 Ring Archer Armor
Bandolero
7:30 Feudal Age
11:33 Castle Age
9:25 Double-Bit Axe
11:31 Horse Collar
13:35 Town Watch
15:01 Wheelbarrow
14:20 Fletching
14:36 Heavy Plow
17:40 Bow Saw
18:22 Loom
21:55 Gold Mining
21:56 Stone Mining
23:13 Padded Archer Armor
25:52 Stone Shaft Mining
29:17 Imperial Age
27:02 Scale Mail Armor
27:12 Forging
27:49 Squires
28:06 Chain Mail Armor
28:51 Arson
29:52 Iron Casting
30:18 Conscription
30:34 Plate Mail Armor
31:56 Blast Furnace
32:24 Bodkin Arrow
32:45 Leather Archer Armor
33:40 Two-Man Saw
Mafioso_
7:39 Feudal Age
11:25 Castle Age
9:11 Double-Bit Axe
12:26 Bow Saw
16:40 Loom
17:37 Wheelbarrow
16:51 Town Watch
21:43 Gold Mining
21:43 Stone Mining
25:56 Imperial Age
24:29 Scale Barding Armor
25:22 Gold Shaft Mining
25:04 Hand Cart
26:09 Chain Barding Armor
26:00 Forging
26:06 Husbandry
27:39 Chemistry
26:00 Cavalier
27:17 Iron Casting
27:03 Conscription
28:00 Plate Barding Armor
27:49 Scale Mail Armor
27:43 Elite Throwing Axeman
29:26 Blast Furnace
29:27 Paladin
30:22 Caravan
31:16 Chivalry
31:56 Fletching
32:27 Ballistics
32:18 Masonry
Fs.churacoRS
7:31 Feudal Age
11:07 Castle Age
9:13 Double-Bit Axe
9:30 Horse Collar
12:12 Bow Saw
15:56 Wheelbarrow
18:41 Hand Cart
21:32 Heavy Plow
21:45 Loom
21:48 Town Watch
23:03 Husbandry
23:14 Bloodlines
26:25 Imperial Age
24:38 Scale Barding Armor
26:05 Chain Barding Armor
25:55 Forging
27:46 Plate Barding Armor
27:21 Forging
27:29 Elite Mameluke
28:30 Conscription
31:37 Fletching
Oggdo Bogdo
8:44 Feudal Age
9:58 Double-Bit Axe
12:31 Castle Age
10:23 Horse Collar
12:43 Wheelbarrow
13:44 Bow Saw
13:35 Heavy Plow
20:59 Hand Cart
25:21 Imperial Age
22:56 Gold Mining
22:57 Stone Mining
23:17 Loom
24:08 Scale Mail Armor
24:18 Forging
23:29 Pikeman
24:10 Squires
23:30 Man-at-Arms
25:34 Gold Shaft Mining
25:48 Chain Mail Armor
26:34 Iron Casting
26:25 Conscription
25:45 Long Swordsman
26:38 Elite Centurion
28:03 Legionary
29:53 Blast Furnace
29:00 Scale Barding Armor
29:28 Comitatenses
29:55 Fletching
31:49 Chemistry
31:10 Ballistics
30:57 Siege Engineers
31:02 Masonry
32:37 Crop Rotation
32:13 Capped Ram
Bahen Centre for IT
7:51 Feudal Age
7:18 Loom
11:39 Castle Age
9:38 Double-Bit Axe
10:16 Horse Collar
10:50 Gold Mining
13:20 Bow Saw
12:52 Eagle Warrior
17:18 Squires
17:47 Scale Mail Armor
18:49 Town Watch
19:32 Chain Mail Armor
20:50 Wheelbarrow
22:35 Redemption
26:45 Imperial Age
23:57 Elite Skirmisher
25:56 Hand Cart
25:54 Fletching
27:04 Padded Archer Armor
27:41 Bodkin Arrow
28:16 Leather Archer Armor
28:31 Bracer
30:38 Plate Mail Armor
30:18 Forging
30:31 Ballistics
31:59 Stone Mining
31:50 Crossbowman
33:27 Iron Casting
32:14 Elite Eagle Warrior
Hecan
7:53 Feudal Age
8:51 Double-Bit Axe
11:37 Castle Age
9:51 Horse Collar
12:39 Bow Saw
17:31 Wheelbarrow
17:27 Town Watch
18:50 Heavy Plow
21:46 Hand Cart
24:19 Imperial Age
23:07 Padded Archer Armor
23:29 Grand Trunk Road
23:35 Grand Trunk Road
24:08 Leather Archer Armor
26:04 Chemistry
25:09 Shatagni
25:29 Conscription
26:27 Two-Man Saw
26:32 Ring Archer Armor
26:43 Bloodlines
27:54 Scale Barding Armor
28:30 Husbandry
27:51 Light Cavalry
29:17 Conscription
30:31 Hussar
买女孩的小火柴
7:06 Feudal Age
10:47 Castle Age
9:30 Fletching
9:51 Horse Collar
10:10 Double-Bit Axe
12:24 Bodkin Arrow
13:19 Gold Mining
14:31 Loom
16:52 Loom
18:30 Ballistics
22:34 Bow Saw
22:28 Heavy Plow
23:16 Wheelbarrow
24:13 Town Watch
25:12 Hand Cart
29:44 Imperial Age
28:26 Padded Archer Armor
30:27 Bracer
31:34 Chemistry
31:32 Capped Ram
Connection lost

Rejoining the realm…

Still unreachable

The connection could not be restored.

Session expired

The server has moved on; the page needs a fresh start.